 Dungeon Crawl Stone Soup version 0.21.0-24-g2553a33 (webtiles) character file.

3557 microfolk the Protected (level 9, -2/83 HPs)
             Began as a Minotaur Fighter on Jan 19, 2018.
             Was a Priest of Okawaru.
             Slain by a warg (5 damage)
             ... on level 7 of the Dungeon on Jan 20, 2018.
             The game lasted 00:13:29 (5776 turns).

microfolk the Protected (Minotaur Fighter)          Turns: 5776, Time: 00:13:29

Health: -2/83      AC: 11    Str: 25    XL:     9   Next: 83%
Magic:  13/13      EV: 13    Int:  5    God:    Okawaru [***...]
Gold:   252        SH: 11    Dex: 17    Spells: 8/8 levels left

rFire    . . .     SeeInvis .   a - +0 war axe
rCold    . . .     Gourm    .   c - +1 shield
rNeg     . . .     Faith    .   r - +3 scale mail
rPois    +         Spirit   .   (helmet restricted)
rElec    .         Reflect  .   (no cloak)
rCorr    .         Harm     .   (no gloves)
MR       .....                  (no boots)
Stlth    +.........             (no amulet)
HPRegen  0.23/turn              e - +3 ring of strength
MPRegen  0.13/turn              q - ring of poison resistance

@: agile
A: retaliatory headbutt, horns 2
a: Heroism, Renounce Religion


You were on level 7 of the Dungeon.
You worshipped Okawaru.
Okawaru was most pleased with you.
You were not hungry.

You visited 1 branch of the dungeon, and saw 8 of its levels.

You collected 280 gold pieces.
You spent 28 gold pieces at shops.

Inventory:

Hand Weapons
 a - a +0 war axe (weapon)
 k - the +2 hunting sling of Emeamourr {velocity, rN+ MR- MP+9 Int+8, unknown}
   (You found it on level 6 of the Dungeon)

   Any stone fired from it inflicts extra damage.
   It affects your intelligence (+8).
   It protects you from negative energy.
   It affects your resistance to hostile enchantments.
   It affects your magic capacity (+9).
Missiles
 m - 220 stones (quivered)
 u - 18 sling bullets
Armour
 c - a +1 shield (worn)
 r - a +3 scale mail (worn)
Jewellery
 e - a +3 ring of strength (left hand)
 q - a ring of poison resistance (right hand)
 s - a +1 ring of slaying {unknown}
Wands
 l - a wand of flame (16)
Scrolls
 b - a scroll of fog {unknown}
 h - 4 scrolls of teleportation
 i - a scroll of fear {unknown}
 n - 2 scrolls of enchant armour
Potions
 d - a potion of might
 j - a potion of flight
 o - 3 potions of curing
 p - 2 potions of lignification
 t - a potion of cancellation {unknown}
 w - a potion of agility
 x - a potion of invisibility {unknown}
Comestibles
 f - 10 rations


   Skills:
 + Level 9.2 Fighting
 + Level 8.8 Axes
 + Level 9.3 Armour
 - Level 4.2 Shields
 + Level 6.7 Invocations


You had 8 spell levels left.
You didn't know any spells.

Dungeon Overview and Level Annotations

Branches:
Dungeon (8/15)               Lair (0/6) D:8
 Temple: D:4-7

Altars:
Ashenzari
Cheibriados
Fedhas
Hepliaklqana
Okawaru
Ru
Sif Muna
Uskayaw
Vehumet
Xom
Yredelemnul
Zin
The Shining One

Shops:
D:6 ?

Annotations:
D:8 Tiamon's ghost, novice MiMo


Innate Abilities, Weirdness & Mutations

You reflexively headbutt those who attack you in melee.
You have a pair of horns on your head.


Message History

You slash the warg! Your headbutt misses the warg.
The warg is moderately wounded.
The warg bites you but does no damage.
You feel agile all of a sudden. The warg barely misses you.
You furiously retaliate!
You headbutt the warg! You barely miss the warg.
The warg is heavily wounded.
The warg bites you but does no damage. x2
You closely miss the warg. Your headbutt misses the warg.
The warg is heavily wounded.
The warg stops to sniff the ground.
The warg bites you but does no damage.
You slash the warg!
You headbutt the warg, but do no damage.
The warg is severely wounded.
You block the warg's attack. x2
You closely miss the warg. You headbutt the warg.
The warg is almost dead.
The warg bites you.
You die...

...############...####.#
#.## #### ##.## #.# #.#
########## #.# #.# #.#
#........# #.# #.# #.#
#.######.# #.# #.# ##.##
#.# #.# #.# #.# #.... #.#
#.# #.# #.# #..##
#.######.### #h# #.#
#.... .....).....# #@#
#.# #.### #.######.#.##
#.# #.# #.# ..# #....##
#.# #.# #.### ..###
#.....###.#####.# #....
....# #...<...........#
#..## ..#.#
#.....###.############..#
....#
##.....##...............#
.#.##
#####.################(#
.#.# #.# #.#


You could see a warg.

Vanquished Creatures
  Prince Ribbit (D:7)
  2 hippogriffs (D:7)
  4 hogs (D:7)
  A human (D:7)
  A warg (D:8)
  A phantom (D:5)
  3 ice beasts
  A sky beast (D:5)
  3 ogres
  2 centaurs
  2 scorpions
  2 water moccasin skeletons
  4 howler monkeys
  2 crimson imps
  A jelly (D:7)
  A centaur skeleton (D:5)
  3 hounds
  An orc priest (D:7)
  Natasha (D:4)
  12 orc wizards
  5 worker ants
  A worker ant zombie (D:7)
  4 gnolls (D:7)
  6 adders
  2 oozes
  An adder zombie (D:6)
  11 worms
  2 dart slugs
  7 leopard geckos
  31 orcs
  11 bats
  6 giant cockroaches
  8 goblins
  8 hobgoblins
  5 jackals (D:1)
  4 kobolds
  2 quokkas
  2 ball pythons
  9 frilled lizards
  A quokka skeleton (D:7)
  13 rats
187 creatures vanquished.

Notes
Turn   | Place    | Note
-------+----------+-------------------------------------------
     0 | D:1      | microfolk the Minotaur Fighter began the quest for the Orb.
     0 | D:1      | Reached XP level 1. HP: 19/19 MP: 0/0
   104 | D:1      | Reached XP level 2. HP: 27/27 MP: 1/1
   326 | D:1      | Reached XP level 3. HP: 33/33 MP: 2/2
   614 | D:2      | Found a blossoming altar of Fedhas.
   634 | D:2      | Found an iron altar of Okawaru.
   712 | D:2      | Became a worshipper of Warmaster Okawaru
   761 | D:2      | Reached XP level 4. HP: 29/40 MP: 3/3
   937 | D:2      | Found a glowing golden altar of the Shining One.
   939 | D:2      | Found a hide-covered altar of Uskayaw.
   939 | D:2      | Found a shimmering altar of Xom.
   941 | D:2      | Found a shimmering altar of Xom.
   941 | D:2      | Found a hazy altar of Hepliaklqana.
   941 | D:2      | Found a shattered altar of Ashenzari.
  1380 | D:3      | Reached skill level 1 in Invocations
  1419 | D:3      | Reached XP level 5. HP: 39/47 MP: 4/4
  1452 | D:3      | Found a shattered altar of Ashenzari.
  1648 | D:3      | Found a basalt altar of Yredelemnul.
  1681 | D:3      | Found a glowing golden altar of the Shining One.
  1683 | D:3      | Noticed an angel
  1857 | D:4      | Reached skill level 5 in Armour
  1885 | D:4      | Reached skill level 5 in Fighting
  2034 | D:4      | Noticed Natasha
  2042 | D:4      | Killed Natasha
  2213 | D:4      | Reached XP level 6. HP: 56/56 MP: 6/6
  2620 | D:5      | Entered Level 5 of the Dungeon
  2660 | D:5      | Noticed an ice beast
  2750 | D:5      | Noticed an ice beast
  2762 | D:5      | Killed an ice beast
  2871 | D:5      | Reached * piety under Okawaru
  2871 | D:5      | Reached skill level 5 in Axes
  2871 | D:5      | Reached XP level 7. HP: 62/62 MP: 8/8
  3237 | D:5      | Reached ** piety under Okawaru
  3237 | D:5      | Reached XP level 8. HP: 46/71 MP: 8/10
  4181 | D:6      | Found Qonli's Magic Scroll Shop.
  4189 | D:6      | Bought a scroll of identify for 28 gold pieces
  4381 | D:6      | Found a glowing silver altar of Zin.
  4381 | D:6      | Found a faded altar of an unknown god.
  4382 | D:6      | Got a bloodstained hunting sling
  4387 | D:6      | Found a sacrificial altar of Ru.
  4395 | D:6      | Found a radiant altar of Vehumet.
  4396 | D:6      | Found a snail-covered altar of Cheibriados.
  4654 | D:7      | Noticed Prince Ribbit
  5058 | D:7      | Noticed a hippogriff
  5067 | D:7      | Killed a hippogriff
  5067 | D:7      | Reached skill level 5 in Invocations
  5173 | D:7      | Noticed a hippogriff
  5183 | D:7      | Killed a hippogriff
  5183 | D:7      | Reached XP level 9. HP: 68/81 MP: 10/12
  5221 | D:7      | Killed Prince Ribbit
  5367 | D:7      | Reached *** piety under Okawaru
  5452 | D:7      | Found a deep blue altar of Sif Muna.
  5739 | D:8      | Noticed Tiamon's ghost (novice MiMo)
  5739 | D:8      | Found a staircase to the Lair.
  5769 | D:7      | HP: 4/83 [warg (1)]
  5770 | D:7      | HP: 1/83 [warg (3)]
  5776 | D:7      | Slain by a warg

Skill      XL: |  1  2  3  4  5  6  7  8  9 |
---------------+----------------------------+-----
Fighting       | 4 5 6 7 9 |  9.2
Armour         | 4 5 6 8 9 |  9.3
Shields        | 4 |  4.2
Axes           | 3 4 5 6 7 8 |  8.8
Invocations    | 1 2 3 4 5 6 |  6.7

Action                   |  1- 3 |  4- 6 |  7- 9 || total
-------------------------+-------+-------+-------++-------
Melee: War axe           |    96 |   113 |   267 ||   476
       Headbutt          |    13 |    29 |    46 ||    88
Invok: Heroism           |       |       |    10 ||    10
  Use: Scroll            |     1 |     2 |     7 ||    10
       Potion            |       |       |     1 ||     1
  Eat: Chunk             |       |     7 |     9 ||    16
Armor: Scale mail        |    57 |    41 |   106 ||   204
Dodge: Dodged            |    49 |    23 |    60 ||   132
Block: Shield            |    69 |    62 |   150 ||   281
